 Dungeon Crawl Stone Soup version 0.31-a0-978-g1e143483b6 (console) character file.

Game seed: 12622624432335299979

7016 jejorda2 the Cleaver (level 11, -2/89 HPs)
             Began as a Gnoll Berserker on Oct 30, 2023.
             Was a Believer of Trog.
             Splashed by a brown ugly thing's acid (9 damage)
             ... on level 7 of the Dungeon.
             The game lasted 00:21:48 (7362 turns).

jejorda2 the Cleaver (Gnoll Berserker)              Turns: 7362, Time: 00:21:49

Health: -2/89      AC:  7    Str: 21    XL:     11   Next: 8%
Magic:  20/20      EV: 11    Int:  6    God:    Trog [**....]
Gold:   247        SH:  0    Dex: 12    Spells: 22/22 levels left

rFire   . . .        a - +4 hand axe
rCold   + . .        (no shield)
rNeg    . . .        j - +0 chain mail
rPois   +            o - +2 helmet
rElec   .            C - +0 cloak
rCorr   .            (no gloves)
SInv    .            (no boots)
Will    ++...        G - amulet of faith Stlth
                     n - ring of protection from cold
HPRegen 1.34/turn    c - ring of poison resistance
MPRegen 0.17/turn

%: faith
@: strong-willed, corroded, on berserk cooldown, regenerating, hasted and slowed
A: fangs 1, strong nose, distributed training
a: Renounce Religion, Berserk, Trog's Hand


You were on level 7 of the Dungeon.
You worshipped Trog.
Trog was pleased with you.
You visited 1 branch of the dungeon, and saw 8 of its levels.

You collected 377 gold pieces.
You spent 130 gold pieces at shops.

Inventory:

Hand Weapons
 a - a +4 hand axe (weapon)
 b - a +0 dire flail
 I - a +1 flail of draining
Missiles
 i - 6 curare-tipped darts (quivered)
 p - 2 poisoned darts
 s - a throwing net
Armour
 j - a +0 chain mail (worn)
 l - a +2 kite shield of fire resistance
 o - a +2 helmet (worn)
 u - a +0 plate armour
 C - a +0 cloak (worn)
Jewellery
 c - a ring of poison resistance (right hand)
 n - a ring of protection from cold (left hand)
 E - a ring of protection from cold
 G - an amulet of faith (around neck)
Wands
 k - a wand of mindburst (11)
 A - a wand of flame (27)
 F - a wand of roots (6)
 H - a wand of polymorph (4)
Scrolls
 r - 4 scrolls of revelation
 y - a scroll of enchant weapon
Potions
 d - 2 potions of degeneration
 e - 2 potions of brilliance
 f - 6 potions of curing
 g - a potion of might
 h - 3 potions of ambrosia
 m - 2 potions of attraction
 q - a potion of heal wounds
 t - 4 potions of mutation
 v - a potion of haste
 w - a potion of enlightenment {unknown}
 z - 2 potions of lignification


   Skills:
 + Level 9.0 Fighting
 + Level 6.0 Short Blades
 + Level 6.0 Long Blades
 + Level 9.0 Axes
 + Level 6.0 Maces & Flails
 + Level 6.0 Polearms
 + Level 6.0 Staves
 + Level 6.0 Ranged Weapons
 + Level 6.0 Throwing
 + Level 7.7 Armour
 + Level 7.7 Dodging
 + Level 6.0 Stealth
 + Level 6.0 Shields
 + Level 6.0 Unarmed Combat
 + Level 6.0 Spellcasting
 + Level 5.0 Conjurations
 + Level 5.0 Hexes
 + Level 5.0 Summonings
 + Level 5.0 Necromancy
 + Level 5.0 Translocations
 + Level 5.0 Transmutations
 + Level 5.0 Fire Magic
 + Level 5.0 Ice Magic
 + Level 5.0 Air Magic
 + Level 5.0 Earth Magic
 + Level 5.0 Poison Magic
 + Level 6.6 Invocations
 + Level 6.0 Evocations
 + Level 5.5 Shapeshifting


You had 22 spell levels left.
You didn't know any spells.
Your spell library was empty.

Dungeon Overview and Level Annotations

Branches:
Dungeon (8/15)             Temple (0/1) D:5            Lair (0/5) D:8

Altars:
Ashenzari
Dithmenos
Elyvilon
Fedhas
Kikubaaqudgha
Ru
Vehumet
Wu Jian

Shops:
D:8 !(

Annotations:
D:7 Maggie


Innate Abilities, Weirdness & Mutations

You have very sharp teeth.
Your uncanny sense of smell can sniff out nearby items.
Your experience applies equally to all skills.


Message History

The gargoyle hurls a stone arrow at you.
The stone arrow hits you!
You slash the brown ugly thing!
The brown ugly thing is moderately wounded.
The brown ugly thing pecks you. The acid corrodes you!
You are splashed with acid!
You slash the brown ugly thing!
The brown ugly thing is moderately wounded.
The arcanist gestures wildly while chanting.
The arcanist blinks!
Maggie gestures wildly while chanting.
You barely miss the brown ugly thing.
The brown ugly thing is moderately wounded.
You hit the gargoyle but do no damage. The brown ugly thing pecks you.
You are splashed with acid!
Maggie hits you from afar with a +1 glaive of flaming!
Maggie burns you. The gargoyle hits you with a +0 flail.
You are too injured to fight recklessly!
Unknown command.
You are too injured to fight recklessly!
Unknown command.
You are too injured to fight recklessly!
You feel a strong urge to attack something.
You are no longer berserk.
You are exhausted.
You feel yourself slow down.
Okay, then.
The brown ugly thing attacks as it pursues you!
The brown ugly thing pecks you. The acid corrodes you!
You are splashed with acid!
* * * LOW HITPOINT WARNING * * *
The brown ugly thing pecks you!
* * * LOW HITPOINT WARNING * * *
The acid corrodes you!
You are splashed with acid!
* * * LOW HITPOINT WARNING * * *
Okay, then.
You feel yourself speed up. The brown ugly thing pecks you.
* * * LOW HITPOINT WARNING * * *
You are splashed with acid!
You die...

,,+,,,,*∆∆∆∆*,........# #.###
########∆∆∆∆+,........# #.#
..'....#∆∆∆∆*,........# #.#
..#..⌠.#∆∆∆∆*,........# #.#
..#.⌠..#∆∆∆∆*,........# #.#
..#....#∆∆∆∆*,p...Ku††# #.#
######'##############'# #.#
#...).....#P.P.P.P.u# ###.###
#.....§§§§#...@u.K..#####......
#.....§§§§#....9....#.....#.###
#.....§...'.P.P.P.P.#..........
#######################.#####.###
.# #.##.##.#.# #.# .#
#.##.##.#.#####.# .#
#########.##.........##.# .#
#........<#####.#.##.#..#
.######.######### #...#.##.#.##


You could see 2 ugly things, a gargoyle and a kobold brigand.

Vanquished Creatures
  Pikel (D:6)
  An elephant (D:8)
  A manticore (D:7)
  A komodo dragon (D:8)
  A wyvern (D:6)
  Eustachio (D:6)
  7 yaks (D:8)
  A steam dragon (D:6)
  Edmund (D:6)
  Menkaure (D:4)
  Duvessa (D:7)
  An acid dragon (D:8)
  A water moccasin (D:7)
  An ice beast (D:5)
  An orc warrior (D:8)
  2 sky beasts
  3 black bears
  4 phantoms
  A centaur (D:7)
  3 lemures (D:6)
  5 bullfrogs
  6 scorpions
  10 wights
  Dowan (D:7)
  5 killer bees (D:8)
  2 howler monkeys
  3 orc priests
  Crazy Yiuf (D:5)
  A gnoll bouda (D:7)
  5 hounds
  4 jellies
  7 iguanas
  5 orc wizards
  17 gnolls
  5 adders
  2 white imps
  2 ufetubi (D:6)
  2 dart slugs
  9 orcs
  4 bats (D:1)
  10 endoplasms
  7 giant cockroaches
  5 goblins
  6 hobgoblins
  9 jackals
  5 kobolds
  3 quokkas
  11 ball pythons
  3 frilled lizards
  5 rats
194 creatures vanquished.

Notes
Turn   | Place    | Note
-------+----------+-------------------------------------------
     0 | D:1      | jejorda2 the Gnoll Berserker began the quest for the Orb.
     0 | D:1      | Reached XP level 1. HP: 23/23 MP: 1/1
   107 | D:1      | Reached XP level 2. HP: 27/29 MP: 2/2
   321 | D:1      | Reached XP level 3. HP: 35/35 MP: 2/4
   410 | D:1      | Reached skill level 1 in Invocations
   433 | D:1      | Reached skill level 1 in Short Blades
   433 | D:1      | Reached skill level 1 in Long Blades
   433 | D:1      | Reached skill level 1 in Maces & Flails
   433 | D:1      | Reached skill level 1 in Polearms
   433 | D:1      | Reached skill level 1 in Staves
   433 | D:1      | Reached skill level 1 in Ranged Weapons
   433 | D:1      | Reached skill level 1 in Throwing
   433 | D:1      | Reached skill level 1 in Stealth
   433 | D:1      | Reached skill level 1 in Shields
   433 | D:1      | Reached skill level 1 in Unarmed Combat
   433 | D:1      | Reached skill level 1 in Spellcasting
   433 | D:1      | Reached skill level 1 in Evocations
   505 | D:1      | Reached ** piety under Trog
   620 | D:1      | Reached XP level 4. HP: 41/41 MP: 5/5
   931 | D:2      | Reached skill level 1 in Shapeshifting
   935 | D:2      | Reached skill level 1 in Conjurations
   935 | D:2      | Reached skill level 1 in Hexes
   935 | D:2      | Reached skill level 1 in Summonings
   935 | D:2      | Reached skill level 1 in Necromancy
   935 | D:2      | Reached skill level 1 in Translocations
   935 | D:2      | Reached skill level 1 in Transmutations
   935 | D:2      | Reached skill level 1 in Fire Magic
   935 | D:2      | Reached skill level 1 in Ice Magic
   935 | D:2      | Reached skill level 1 in Air Magic
   935 | D:2      | Reached skill level 1 in Earth Magic
   935 | D:2      | Reached skill level 1 in Poison Magic
  1638 | D:3      | Found a shadowy altar of Dithmenos.
  1638 | D:3      | Found a radiant altar of Vehumet.
  1638 | D:3      | Found an ornate altar of the Wu Jian Council.
  1639 | D:3      | Found a white marble altar of Elyvilon.
  1639 | D:3      | Found a broken altar of Ashenzari.
  1639 | D:3      | Found a sacrificial altar of Ru.
  1640 | D:3      | Found a blossoming altar of Fedhas.
  1707 | D:3      | Reached XP level 5. HP: 45/47 MP: 5/7
  2373 | D:4      | Noticed a sky beast
  2403 | D:4      | Killed a sky beast
  2404 | D:4      | Reached XP level 6. HP: 9/53 MP: 8/8
  2583 | D:4      | Reached skill level 5 in Armour
  2583 | D:4      | Reached skill level 5 in Dodging
  2729 | D:4      | Noticed Menkaure
  2737 | D:4      | Killed Menkaure
  2738 | D:4      | Reached XP level 7. HP: 60/60 MP: 10/10
  3246 | D:5      | Entered Level 5 of the Dungeon
  3502 | D:5      | Found a staircase to the Ecumenical Temple.
  3519 | D:5      | Reached XP level 8. HP: 67/67 MP: 12/12
  4255 | D:5      | Found an ancient bone altar of Kikubaaqudgha.
  4461 | D:5      | Found a runed translucent door.
  4462 | D:5      | Noticed Crazy Yiuf
  4469 | D:5      | Killed Crazy Yiuf
  4751 | D:6      | Reached XP level 9. HP: 73/73 MP: 14/14
  4758 | D:6      | Reached *** piety under Trog
  4994 | D:6      | Noticed Eustachio
  5003 | D:6      | Noticed Edmund
  5021 | D:6      | Killed Edmund
  5027 | D:6      | Killed Eustachio
  5155 | D:6      | Reached skill level 5 in Invocations
  5325 | D:6      | Noticed Pikel
  5342 | D:6      | Killed Pikel
  5931 | D:7      | Reached XP level 10. HP: 72/80 MP: 17/17
  5980 | D:7      | Noticed Dowan
  5981 | D:7      | Noticed Duvessa
  5992 | D:7      | Killed Duvessa
  5994 | D:7      | Killed Dowan
  5995 | D:7      | Reached skill level 5 in Short Blades
  5995 | D:7      | Reached skill level 5 in Long Blades
  5995 | D:7      | Reached skill level 5 in Maces & Flails
  5995 | D:7      | Reached skill level 5 in Polearms
  5995 | D:7      | Reached skill level 5 in Staves
  5995 | D:7      | Reached skill level 5 in Ranged Weapons
  5995 | D:7      | Reached skill level 5 in Throwing
  5995 | D:7      | Reached skill level 5 in Stealth
  5995 | D:7      | Reached skill level 5 in Shields
  5995 | D:7      | Reached skill level 5 in Unarmed Combat
  5995 | D:7      | Reached skill level 5 in Spellcasting
  5995 | D:7      | Reached skill level 5 in Evocations
  6890 | D:8      | Noticed an elephant
  6918 | D:8      | Killed an elephant
  7003 | D:8      | Reached skill level 5 in Shapeshifting
  7098 | D:8      | Found Siju's Antique Weapon Shop.
  7126 | D:8      | Found Cefra's Distillery.
  7143 | D:8      | Bought a potion of haste for 130 gold pieces
  7174 | D:8      | Found a staircase to the Lair.
  7265 | D:7      | Noticed a manticore
  7278 | D:7      | Killed a manticore
  7279 | D:7      | Reached XP level 11. HP: 89/89 MP: 18/20
  7341 | D:7      | Noticed Maggie
  7343 | D:7      | Noticed an arcanist
  7343 | D:7      | Noticed a green ugly thing
  7343 | D:7      | Noticed a cyan ugly thing
  7347 | D:7      | Reached skill level 5 in Conjurations
  7347 | D:7      | Reached skill level 5 in Hexes
  7347 | D:7      | Reached skill level 5 in Summonings
  7347 | D:7      | Reached skill level 5 in Necromancy
  7347 | D:7      | Reached skill level 5 in Translocations
  7347 | D:7      | Reached skill level 5 in Transmutations
  7347 | D:7      | Reached skill level 5 in Fire Magic
  7347 | D:7      | Reached skill level 5 in Ice Magic
  7347 | D:7      | Reached skill level 5 in Air Magic
  7347 | D:7      | Reached skill level 5 in Earth Magic
  7347 | D:7      | Reached skill level 5 in Poison Magic
  7362 | D:7      | Splashed by a brown ugly thing's acid

Illustrated notes

Levels and vault maps discovered:
D:1:      dpeg_arrival_orchard, layout_basic, minmay_cut_off
D:2:      layout_basic, serial_curves, eino_curves_04, eino_curves_01
D:3:      layout_rooms, grunt_temple_overflow_open, palyth_stone_intersect,
          guppyfry_early_lair_pool
D:4:      layout_loops_ring, uniq_menkaure
D:5:      layout_rooms, lemuel_crystal_altar,
          minmay_temple_entry_statues_pillars, uniq_crazy_yiuf_cottage
D:6:      layout_gridville, uniq_edmund, uniq_pikel, uniq_eustachio
D:7:      minmay_klotski, layout_loops_ring, kennysheep_cluttered_room,
          chequers_serial_rivers_micro_c, hangedman_abyss_or_decor_stagger,
          uniq_duvessa, uniq_maggie
D:8:      layout_gridville, kennysheep_slug_shrine,
          grunt_lair_entry_orc_guard_hut, serial_shops, shop, shop, shop,
          nicolae_shop_peninsula, shop, serial_bayou_crossing

Skill      XL: |  1  2  3  4  5  6  7  8  9 10 11 |
---------------+----------------------------------+-----
Invocations    | 1 2 3 4 5 6 |  6.6
Short Blades   | 1 2 3 4 6 |  6.0
Long Blades    | 1 2 3 4 6 |  6.0
Maces & Flails | 1 2 3 4 6 |  6.0
Polearms       | 1 2 3 4 6 |  6.0
Staves         | 1 2 3 4 6 |  6.0
Ranged Weapons | 1 2 3 4 6 |  6.0
Throwing       | 1 2 3 4 6 |  6.0
Stealth        | 1 2 3 4 6 |  6.0
Shields        | 1 2 3 4 6 |  6.0
Unarmed Combat | 1 2 3 4 6 |  6.0
Spellcasting   | 1 2 3 4 6 |  6.0
Evocations     | 1 2 3 4 6 |  6.0
Shapeshifting  | 1 2 3 4 5 |  5.5
Conjurations   | 1 2 3 4 5 |  5.0
Hexes          | 1 2 3 4 5 |  5.0
Summonings     | 1 2 3 4 5 |  5.0
Necromancy     | 1 2 3 4 5 |  5.0
Translocations | 1 2 3 4 5 |  5.0
Transmutations | 1 2 3 4 5 |  5.0
Fire Magic     | 1 2 3 4 5 |  5.0
Ice Magic      | 1 2 3 4 5 |  5.0
Air Magic      | 1 2 3 4 5 |  5.0
Earth Magic    | 1 2 3 4 5 |  5.0
Poison Magic   | 1 2 3 4 5 |  5.0
Armour         | 5 6 7 |  7.7
Dodging        | 5 6 7 |  7.7
Fighting       | 7 8 9 |  9.0
Axes           | 7 8 9 |  9.0

Action                     |  1- 3 |  4- 6 |  7- 9 | 10-12 || total
---------------------------+-------+-------+-------+-------++-------
  Melee: Hand axe          |    97 |   157 |   349 |   202 ||   805
         Bite              |     4 |    12 |    44 |    22 ||    82
         Punch             |       |     4 |    12 |     9 ||    25
  Throw: Dart              |       |       |       |     3 ||     3
 Invoke: Berserk           |     1 |     6 |    15 |     9 ||    31
         Trog's Hand       |       |       |     8 |     4 ||    12
  Evoke: Wand              |       |       |    11 |     1 ||    12
    Use: Scroll            |       |       |    16 |     3 ||    19
         Potion            |       |       |       |     1 ||     1
 Armour: Animal skin       |    32 |       |       |       ||    32
         Leather armour    |    19 |     1 |       |       ||    20
         Chain mail        |       |    95 |   246 |   170 ||   511
  Dodge: Dodged            |    66 |    59 |   159 |   128 ||   412

Table legend: (Time is in decaauts)
 A = Elapsed time spent in this place.
 B = Non-inter-level travel time spent in this place.
 C = Inter-level travel time spent in this place.
 D = Time resting spent in this place.
 E = Time spent auto-exploring this place.
 F = Levels seen in this place.
 G = Mean time per level.
                   A        B        C        D        E       F      G
               +--------+--------+--------+--------+--------+-----+--------+
         Total |   7568 |   7335 |    233 |   1791 |   3984 |   8 |  946.0 |
       Dungeon |   7568 |   7335 |    233 |   1791 |   3984 |   8 |  946.0 |
               +--------+--------+--------+--------+--------+-----+--------+

Top non-repeatable levels by time:
     D:5: 1386 daAuts
     D:6: 1275 daAuts
     D:7: 1097 daAuts
     D:4: 1051 daAuts
     D:1: 917 daAuts
     D:2: 738 daAuts
     D:3: 601 daAuts
     D:8: 499 daAuts
